 Dungeon Sprint DCSS version 0.29-a0-892-g2c4c91d9db (webtiles) character file.

Game seed: 2760133702792121303

4797 ShadedKnight the Cryomancer (level 10, -8/86 HPs)
             Began as a Barachi Ice Elementalist on July 23, 2022.
             Was an Initiate of Gozag.
             Killed from afar by a deep elf knight (33 damage)
             ... with a shard of ice
             ... in the Dungeon (Sprint V: "Ziggurat Sprint").
             The game lasted 00:06:18 (817 turns).

ShadedKnight the Cryomancer (BaIE)                   Turns: 817, Time: 00:06:19

Health: -8/86      AC:  2    Str: 10    XL:     10   Next: 48%
Magic:  11/27      EV: 14    Int: 31    God:    Gozag
Gold:   1044       SH:  0    Dex: 13    Spells: 5/35 levels left

rFire   . . .      SeeInvis .   v - +8 storm bow {elec, penet}
rCold   . . .      Faith    .   (shield currently unavailable)
rNeg    . . .      Spirit   .   a - +0 robe
rPois   .          Reflect  .   (no helmet)
rElec   .          Harm     .   (no cloak)
rCorr   .          Rampage  .   (no gloves)
Will    .....      NoTele   +   (no boots)
Stlth   ++........              (no amulet)
HPRegen 0.24/turn               w - +6 ring of intelligence
MPRegen 0.20/turn               x - +6 ring of intelligence

@: gold aura, slow
A: amphibious, slowness 1, strong legs 1, +LOS
a: Hop, Renounce Religion, Potion Petition, Call Merchant, Bribe Branch


You were in the Dungeon.
You worshipped Gozag.
Gozag was most pleased with you.
You visited 1 branch You collected 1044 gold pieces.


Innate Abilities, Weirdness & Mutations

You are amphibious.
You cover ground slowly.
You can hop short distances.
You have an extended range of vision and can be seen from far away.


   Skills:
 + Level 10.3 Fighting
 - Level 5.1 Dodging
 - Level 4.0 Stealth
 * Level 13.2 Spellcasting
 * Level 21.0 Ice Magic
 - Level 2.5 Evocations


You had 5 spell levels left.
You knew the following spells:

 Your Spells              Type           Power      Damage    Failure   Level
a - Freeze                Ice            100%       1d11      0%          1
b - Frozen Ramparts       Ice            100%       1d12      0%          3
c - Ozocubu's Armour      Ice            100%       N/A       0%          3
d - Hailstorm             Conj/Ice       71%        3d15      1%          4
e - Freezing Cloud        Conj/Ice/Air   29%        6-21      3%          5
f - Polar Vortex          Ice            50%        N/A       41%         9
g - Metabolic Englaciati  Hex/Ice        35%        N/A       1%          5

Your spell library contained the following spells:

 Spells                   Type           Power      Damage    Failure   Level
 Summon Guardian Golem    Hex/Summ       20%        N/A       7%          3
 Orb of Destruction       Conj           10%        9d6       100%        7
 Spellforged Servitor     Conj/Summ      10%        N/A       100%        7
 Simulacrum               Ice/Necr       Unusable   N/A       N/A         6

Inventory:

Hand Weapons
 v - the +8 storm bow (weapon) {elec, penet}
   (You found it in the Dungeon)

   Any ammunition fired from it occasionally discharges a powerful burst of
   electricity upon striking a foe.
   Any ammunition fired by it passes through the targets it hits, potentially
   hitting all targets in its path until it reaches maximum range.
Armour
 a - a +0 robe (worn)
Jewellery
 t - a ring of flight
 w - a +6 ring of intelligence (left hand)
 x - a +6 ring of intelligence (right hand)
Wands
 q - a wand of mindburst (1)
 s - a wand of quicksilver (5)
Scrolls
 g - 3 scrolls of blinking
 m - 4 scrolls of amnesia
 n - 7 scrolls of butterflies
 o - 5 scrolls of identify
Potions
 b - 8 potions of magic
 c - 9 potions of curing
 d - 10 potions of heal wounds
 e - 6 potions of haste
 f - 3 potions of berserk rage
 h - 2 potions of brilliance
 i - 2 potions of invisibility
 j - 4 potions of resistance
 k - a potion of experience
 l - 5 potions of might
Miscellaneous
 p - a phantom mirror
 u - a lightning rod (4/4)
 y - a piece from Xom's chessboard (15/15)

Dungeon Overview and Level Annotations

Branches:
Dungeon (1/1) Zot: 27000

Altars:
Ashenzari
Cheibriados
Dithmenos
Elyvilon
Fedhas
Gozag
Hepliaklqana
Kikubaaqudgha
Makhleb
Nemelex Xobeh
Okawaru
Qazlal
Ru
Sif Muna
Trog
Uskayaw
Vehumet
Wu Jian
Xom
Yredelemnul
Zin
The Shining One
Jiyva
Lugonu

Annotations:
D 1 transporter

▓..8©8..▓
▓..|)|..▓
▓..=[§..▓
▓.§§§...▓
▓§§§§...▓
▓§§e§E§§▓
▓§§§§E§.▓
▓§▓☼§§▓.▓
▓..§§@e.▓
▓▓▓▓▓▓▓▓▓


You could see a deep elf knight, 2 water elementals and a deep elf pyromancer.


Message History

The deep elf pyromancer is engulfed in freezing vapours!
The deep elf knight is engulfed in freezing vapours!
You can move again!
Casting: Freezing Cloud (dangerous; 4% risk of failure)
Confirm with ! or Enter, or press ? or * to list all spells!
Aiming: Freezing Cloud (dangerous; 4% risk of failure)
Press: ? - help, Dir - move target That beam is likely to hit you!
Continue anyway?
You are engulfed in freezing vapours!
The air elemental is engulfed in freezing vapours!
The air elemental hits you!
The air elemental is engulfed in freezing vapours!
The air elemental hits you!!!
The water elemental is engulfed in freezing vapours! x2
The deep elf knight is engulfed in freezing vapours!
The deep elf pyromancer is engulfed in freezing vapours!
You annihilate the deep elf pyromancer!!!
The air elemental is engulfed in freezing vapours!
You destroy the air elemental!!!
Your Fighting skill increases to level 10!!!
Your Spellcasting skill increases to level 13!!!
Your Ice Magic skill increases to level 21!!!
The water elemental is engulfed in freezing vapours!
The deep elf pyromancer hits you with a +2 long sword of holy wrath! * * * don't die
* * * The deep elf knight is engulfed in freezing vapours!
The deep elf knight gestures at you while chanting!
The shard of ice hits you!!!!!! rip Your body crumbles into a pile of gold!

Skill      XL: |  1  2  3  4  5  6  7  8  9 10 |
---------------+-------------------------------+-----
Dodging        | 5 |  5.1
Stealth        | 4 |  4.0
Spellcasting   | 5 7 9 12 13 | 13.2
Ice Magic      | 16 17 18 20 21 | 21.0
Evocations     | 2 |  2.5
Fighting       | 4 6 9 10 | 10.3

Action                   |  1- 3 |  4- 6 |  7- 9 | 10-12 || total
-------------------------+-------+-------+-------+-------++-------
 Fire: Longbow           |       |       |     3 |       ||     3
 Cast: Freezing Cloud    |       |       |     6 |     3 ||     9
       Hailstorm         |       |       |     4 |     1 ||     5
       Ozocubu's Armour  |       |       |     1 |       ||     1
Evoke: Wand              |     4 |       |    11 |       ||    15
       Lightning rod     |       |       |     1 |       ||     1
  Use: Scroll            |     2 |       |     1 |       ||     3
       Potion            |       |       |     1 |       ||     1
Dodge: Dodged            |       |       |     2 |       ||     2

Levels and vault maps discovered:
D:        sprint_v [room_start, room_1, room_2, room_3, room_4, room_5, room_6,
          room_7, room_8, room_9, room_10, room_11, room_12, room_13, room_14,
          room_15, room_16, room_17, room_18, room_19, room_20, room_21,
          room_22, room_23, room_24, room_25, room_26, room_27]

Notes
Turn   | Place    | Note
-------+----------+-------------------------------------------
     0 | D        | Found the +6 Majin-Bo {vamp, MP+6 Int+6}
     0 | D        | Found the +9 heavy crossbow "Sniper" {vorpal, Acc+∞ SInv}
     0 | D        | Found the +10 dark maul {vorpal}
     0 | D        | Found the +15 Maxwell's patent armour {-Cast -Tele rElec
                  | Will+ rCorr}
     0 | D        | Found the +18 shield of the Gong {rElec rN+ Will+ EV-5}
     0 | D        | Found the +14 obsidian axe {vorpal, Mesm Drain Fly SInv}
     0 | D        | Found the +7 great mace "Firestarter" {inner flame, rF++}
     0 | D        | Found the +6 shillelagh "Devastator" {shatter}
     0 | D        | Found the +11 plutonium sword {Contam Stlth-}
     0 | D        | Found the +8 lance "Wyrmbane" {slay drac, rPois rF+ rC+
                  | AC+3}
     0 | D        | Found the +9 sword of Zonguldrok {reap}
     0 | D        | Found the +13 scythe of Curses {drain, Drain}
     0 | D        | Found the +5 sword of Power {vorpal}
     0 | D        | Found the +7 mace of Variability {chain chaos}
     0 | D        | Found the +7 Singing Sword {vorpal, sonic wave}
     0 | D        | Found the +8 storm bow {elec, penet}
     0 | D        | ShadedKnight the Barachi Ice Elementalist began the quest
                  | for the Orb.
     0 | D        | Reached XP level 1. HP: 13/13 MP: 3/3
     0 | D        | Found a transporter.
     0 | D        | Found an ancient bone altar of Kikubaaqudgha.
     0 | D        | Found a viscous altar of Jiyva.
     0 | D        | Found a corrupted altar of Lugonu.
     0 | D        | Found a hazy altar of Hepliaklqana.
     0 | D        | Found a burning altar of Makhleb.
     0 | D        | Found an opulent altar of Gozag.
    43 | D        | Became a worshipper of Gozag Ym Sagoz the Greedy
    50 | D        | Entered arena 2.
    50 | D        | Found the +8 arc blade {discharge, rElec}
    50 | D        | Noticed a two-headed ogre
    50 | D        | Noticed a two-headed ogre
    50 | D        | Found a transporter.
    57 | D        | Killed a two-headed ogre
    58 | D        | Reached skill level 5 in Dodging
    58 | D        | Reached skill level 5 in Spellcasting
    58 | D        | Reached skill level 16 in Ice Magic
    58 | D        | Reached XP level 2. HP: 19/19 MP: 4/8
    58 | D        | Reached XP level 3. HP: 24/24 MP: 4/9
    58 | D        | Reached XP level 4. HP: 30/30 MP: 4/11
    58 | D        | Reached XP level 5. HP: 35/35 MP: 4/12
    58 | D        | Reached XP level 6. HP: 41/41 MP: 4/13
    58 | D        | Reached XP level 7. HP: 46/46 MP: 4/14
    59 | D        | Killed a two-headed ogre
    60 | D        | Reached skill level 17 in Ice Magic
    60 | D        | Reached XP level 8. HP: 61/61 MP: 4/19
   150 | D        | Entered arena 3.
   150 | D        | Found a transporter.
   155 | D        | Reached skill level 5 in Fighting
   159 | D        | Learned a level 3 spell: Frozen Ramparts
   163 | D        | Learned a level 3 spell: Ozocubu's Armour
   168 | D        | Learned a level 4 spell: Hailstorm
   186 | D        | Learned a level 5 spell: Freezing Cloud
   187 | D        | Entered arena 4.
   187 | D        | Found a transporter.
   302 | D        | Entered arena 5.
   302 | D        | Noticed a draconian
   302 | D        | Noticed a draconian
   302 | D        | Noticed a green draconian
   302 | D        | Noticed a draconian
   302 | D        | Found a transporter.
   307 | D        | Killed a draconian
   308 | D        | Reached skill level 18 in Ice Magic
   308 | D        | Reached XP level 9. HP: 71/71 MP: 10/22
   309 | D        | Killed a draconian
   310 | D        | Reached skill level 10 in Spellcasting
   316 | D        | Killed a green draconian
   317 | D        | Reached skill level 19 in Ice Magic
   317 | D        | Killed a draconian
   461 | D        | Learned a level 9 spell: Polar Vortex
   531 | D        | Entered arena 6.
   531 | D        | Noticed a merfolk
   531 | D        | Noticed a merfolk
   531 | D        | Noticed a merfolk
   531 | D        | Noticed a merfolk
   531 | D        | Noticed a merfolk
   531 | D        | Found a transporter.
   534 | D        | Killed a merfolk
   534 | D        | Killed a merfolk
   535 | D        | Reached skill level 20 in Ice Magic
   535 | D        | Reached XP level 10. HP: 30/83 MP: 12/26
   598 | D        | Learned a level 5 spell: Metabolic Englaciation
   813 | D        | Entered arena 7.
   813 | D        | Noticed a deep elf knight
   813 | D        | Noticed a deep elf pyromancer
   813 | D        | Noticed a deep elf pyromancer
   813 | D        | Found a transporter.
   815 | D        | Paralysed by an air elemental for 1 turns
   816 | D        | Killed a deep elf pyromancer
   817 | D        | Reached skill level 10 in Fighting
   817 | D        | Reached skill level 21 in Ice Magic
   817 | D        | Killed from afar by a deep elf knight

Vanquished Creatures
  A green draconian (D)
  2 two-headed ogres (D)
  A deep elf pyromancer (D)
  3 draconians (D)
  5 merfolk (D)
  An air elemental (D)
  A water moccasin (D)
  An orc priest (D)
  2 orc wizards (D)
  2 adders (D)
  An orc (D)
20 creatures vanquished.

Table legend: (Time is in decaauts)
 A = Elapsed time spent in this place.
 B = Non-inter-level travel time spent in this place.
 C = Inter-level travel time spent in this place.
 D = Time resting spent in this place.
 E = Time spent auto-exploring this place.
 F = Levels seen in this place.
 G = Mean time per level.
                   A        B        C        D        E       F      G
               +--------+--------+--------+--------+--------+-----+--------+
         Total |    837 |    837 |      0 |    596 |      0 |   1 |  837.0 |
       Dungeon |    837 |    837 |      0 |    596 |      0 |   1 |  837.0 |
               +--------+--------+--------+--------+--------+-----+--------+

Top non-repeatable levels by time:
       D: 837 daAuts

Table legend:
 A = Non-vault XP
 B = Vault XP
 C = Vault XP percentage of total XP
 D = Non-vault monster count
 E = Vault monster count
 F = Vault count percentage of total count
                 A         B        C        D         E       F
            +---------+---------+-------+---------+---------+-------
      Total |       0 |    6854 | 100.0 |       0 |      20 | 100.0
            +---------+---------+-------+---------+---------+-------
          D |       0 |    6854 | 100.0 |       0 |      20 | 100.0
            +---------+---------+-------+---------+---------+-------
